 Dungeon Crawl Stone Soup version 0.23.2-1-ga50397a6bc (webtiles) character file.

Game seed: 17470929632000329213

422 Mrkan the Cudgeler (level 6, 0/40 HPs)
             Began as a Gargoyle Fighter on May 18, 2019.
             Was a Follower of Makhleb.
             Slain by a worm (1 damage)
             ... on level 4 of the Dungeon.
             The game lasted 00:06:23 (2842 turns).

Mrkan the Cudgeler (Gargoyle Fighter)               Turns: 2842, Time: 00:06:24

Health: 0/40       AC: 11    Str: 21    XL:     6   Next: 95%
Magic:  7/7        EV:  7    Int:  9    God:    Makhleb [*.....]
Gold:   191        SH:  9    Dex:  9    Spells: 5/5 levels left

rFire    . . .     SeeInvis .   a - +0 flail
rCold    . . .     Gourm    .   c - +0 shield
rNeg     + . .     Faith    .   b - +0 scale mail
rPois    ∞         Spirit   .   (no helmet)
rElec    +         Reflect  .   (no cloak)
rCorr    .         Harm     .   (no gloves)
MR       .....                  (no boots)
Stlth    ..........             (no amulet)
HPRegen  0.13/turn              (no ring)
MPRegen  0.10/turn              (no ring)

@: no status effects
A: negative energy resistance 1, electricity resistance, unbreathing,
petrification resistance, rot immunity, AC +4
a: Renounce Religion


You were on level 4 of the Dungeon.
You worshipped Makhleb.
Makhleb was aware of your devotion.
You were very hungry.

You visited 1 branch of the dungeon, and saw 4 of its levels.

You collected 191 gold pieces.

Inventory:

Hand Weapons
 a - a +0 flail (weapon)
 n - a +1 mace of protection
Armour
 b - a +0 scale mail (worn)
 c - a +0 shield (worn)
 m - a +1 cloak
 q - a scarf of repulsion
 s - a +1 helmet
Jewellery
 o - a +3 ring of protection {unknown}
 v - an uncursed ring of ice {unknown}
Scrolls
 e - 2 scrolls of blinking {unknown}
 g - a scroll of fog {unknown}
 h - 6 scrolls of identify {unknown}
 j - 2 scrolls of teleportation {unknown}
 k - 2 scrolls of remove curse {unknown}
 p - a scroll of enchant armour {unknown}
Potions
 d - 2 potions of might
 i - a potion of mutation {unknown}
 l - a potion of curing {unknown}
 r - a potion of haste {unknown}
 t - a potion of flight {unknown}
 u - a potion of brilliance {unknown}
Comestibles
 f - 5 rations


   Skills:
 + Level 5.2 Fighting
 * Level 5.6 Maces & Flails
 - Level 3.2 Armour
 - Level 3.2 Shields
 + Level 2.2 Invocations


You had 5 spell levels left.
You didn't know any spells.
Your spell library was empty.

Dungeon Overview and Level Annotations

Branches:
Dungeon (4/15)
 Temple: D:4-7

Altars:
Cheibriados
Fedhas
Makhleb
Qazlal
Ru
Uskayaw
Xom
Yredelemnul
Zin

Annotations:
D:4 1 runed translucent door, Menchi's ghost, novice NaFi


Innate Abilities, Weirdness & Mutations

You are resistant to torment.
Your stone body is resilient. (AC +4)
You are immune to poison.
You resist negative energy. (rN+)
You are resistant to electric shocks. (rElec)
You can survive without breathing.
You are immune to petrification.
You are immune to rotting.


Message History

The worm bites you but does no damage. You block the dart slug's attack.
The adder bites you but does no damage.
You hit the dart slug.
The dart slug is severely wounded.
You block the hound's attack.
Menchi's ghost says, "You will never get the ORB!"
The hound bites you but does no damage.
The dart slug bites you but does no damage.
You block the adder's attack. The dart slug launches a dart at you.
The slug dart hits you.
* * * LOW HITPOINT WARNING * * *
The worm bites you but does no damage.
You hit the dart slug.
You kill the dart slug!
Makhleb accepts your kill. The hound barely misses you.
The adder bites you but does no damage. The hound bites you but does no damage.
You block the dart slug's attack. The adder barely misses you.
The worm bites you.
You die...

##...........###
#..............# .....
.. # #...............
..... ....##
#............# ......
...... #............##
...... ....##
#...........ww# #......
...
#.............##.......
#.............#Sw......
# #.............w@h8# #
#.............)##.#Wo..
# ##........<...###
#oo## #...............
oo#8 ##.>........###.
.## ###.......## .# ..
###.....# + . ###.###
#.##


You could see a worm, a hound, Menchi's ghost, an adder, a dart slug and 5 orcs.

Vanquished Creatures
  An ogre (D:4)
  2 orc priests (D:4)
  An orc wizard (D:4)
  Crazy Yiuf (D:2)
  2 worker ants (D:4)
  8 adders
  An ooze (D:2)
  A worm (D:3)
  4 dart slugs
  A leopard gecko (D:2)
  7 orcs
  2 giant cockroaches
  5 goblins
  8 hobgoblins
  4 jackals (D:1)
  A quokka (D:4)
  4 ball pythons
  8 bats
  8 frilled lizards
  11 kobolds
  8 rats
88 creatures vanquished.

Notes
Turn   | Place    | Note
-------+----------+-------------------------------------------
     0 | D:1      | Mrkan the Gargoyle Fighter began the quest for the Orb.
     0 | D:1      | Reached XP level 1. HP: 14/14 MP: 1/1
   114 | D:1      | Reached XP level 2. HP: 17/19 MP: 2/2
   313 | D:1      | Reached XP level 3. HP: 24/24 MP: 3/3
   907 | D:2      | Found a runed translucent door.
   908 | D:2      | Noticed Crazy Yiuf
  1179 | D:2      | Found a hide-covered altar of Uskayaw.
  1317 | D:2      | Reached XP level 4. HP: 27/29 MP: 4/4
  1508 | D:2      | Killed Crazy Yiuf
  1577 | D:3      | Reached XP level 5. HP: 25/34 MP: 5/5
  1624 | D:3      | Found a burning altar of Makhleb.
  1627 | D:3      | Found a blossoming altar of Fedhas.
  1673 | D:3      | Found a snail-covered altar of Cheibriados.
  1674 | D:3      | Found a sacrificial altar of Ru.
  1675 | D:3      | Found a basalt altar of Yredelemnul.
  1686 | D:3      | Found a shimmering altar of Xom.
  1689 | D:3      | Found a glowing silver altar of Zin.
  1705 | D:3      | Became a worshipper of Makhleb the Destroyer
  1997 | D:3      | Found a stormy altar of Qazlal.
  2115 | D:3      | Reached * piety under Makhleb
  2284 | D:4      | Reached skill level 1 in Invocations
  2291 | D:4      | Reached skill level 5 in Maces & Flails
  2291 | D:4      | Reached XP level 6. HP: 2/40 MP: 5/7
  2655 | D:4      | Reached skill level 5 in Fighting
  2822 | D:4      | Found a runed translucent gate.
  2826 | D:4      | Identified the +1 chain mail of Beogh's Hatred {rN+ MR-
                  | Regen+ Str-4 Dex+6}
  2826 | D:4      | Noticed Menchi's ghost (novice NaFi)
  2841 | D:4      | HP: 1/40 [dart slug/slug dart (3)]
  2842 | D:4      | Slain by a worm

Skill      XL: |  1  2  3  4  5  6 |
---------------+-------------------+-----
Maces & Flails | 3 4 5 |  5.6
Fighting       | 4 5 |  5.2
Invocations    | 1 2 |  2.2
Armour         | |  3.2
Shields        | |  3.2

Action                   |  1- 3 |  4- 6 || total
-------------------------+-------+-------++-------
Melee: Flail             |   192 |   210 ||   402
  Eat: Chunk             |     1 |     5 ||     6
Armor: Scale mail        |   108 |   162 ||   270
Dodge: Dodged            |    54 |    96 ||   150
Block: Shield            |    85 |   169 ||   254
